AoeStats
← Hamstring Cramp

Arena

510127979Analyzed
4v4 RM · 3d ago on Sep 29, 2026· 50m 27s· 8 players
Game mode
Random Map
Map size
Large (8 player)
Population
200
Speed
Normal
Resources
Standard
Victory
Conquest
Starting age
Dark Age
Ending age
Imperial Age
RankedLock teamsTeams togetherTeam positionsShared explorationLock speedFull tech treeHidden civsTurbo modeCheats
Victory
Defeat
🇹🇷 Wu · Türkiye
1356
+14
🇩🇪 Berbers · Germany
1333
+15
🇫🇷 Burmese · France
1325
+15
🇩🇪 Goths · Germany
1277
+17
🇦🇷 Malians · Argentina
1377
-18
🇺🇸 Vietnamese · United States
1345
-17
🇳🇴 Poles · Norway
1259
-13
🇷🇺 Britons · Russia
1252
-13
Heiner
10:21 Feudal Age
14:04 Castle Age
12:05 Double-Bit Axe
12:37 Horse Collar
14:56 Heavy Plow
21:19 Wheelbarrow
21:53 Scale Barding Armor
22:13 Gold Mining
22:15 Stone Mining
22:16 Gold Mining
23:26 Bow Saw
24:23 Forging
27:00 Imperial Age
25:21 Bloodlines
25:55 Hand Cart
26:10 Husbandry
27:56 Chain Barding Armor
27:47 Forging
28:01 Heavy Camel Rider
31:26 Plate Barding Armor
31:30 Iron Casting
34:00 Light Cavalry
37:00 Blast Furnace
36:08 Cavalier
39:01 Conscription
Basti8712
10:14 Feudal Age
14:53 Castle Age
12:51 Double-Bit Axe
13:05 Horse Collar
15:41 Wheelbarrow
16:18 Bow Saw
16:54 Heavy Plow
22:17 Hand Cart
25:10 Forging
27:32 Imperial Age
24:53 Loom
25:57 Scale Barding Armor
25:54 Scale Mail Armor
27:17 Iron Casting
26:58 Chain Mail Armor
27:57 Squires
27:17 Pikeman
27:55 Stone Mining
27:58 Gold Mining
28:25 Halberdier
30:15 Blast Furnace
31:25 Two-Man Saw
30:19 Elite Huskarl
32:33 Conscription
32:44 Anarchy
35:32 Fletching
36:06 Ballistics
36:46 Chemistry
37:24 Man-at-Arms
38:56 Coinage
37:52 Long Swordsman
38:30 Bodkin Arrow
38:35 Two-Handed Swordsman
40:15 Banking
39:41 Champion
46:47 Perfusion
Frosty
10:32 Feudal Age
14:48 Castle Age
13:02 Horse Collar
13:55 Double-Bit Axe
16:06 Bow Saw
15:59 Heavy Plow
16:59 Loom
26:53 Forging
26:43 Scale Mail Armor
28:46 Wheelbarrow
27:56 Town Watch
28:13 Squires
27:58 Arson
31:35 Imperial Age
28:42 Pikeman
30:19 Iron Casting
30:00 Chain Mail Armor
31:05 Treadmill Crane
31:49 Gold Mining
31:51 Stone Mining
31:49 Halberdier
33:29 Plate Mail Armor
34:00 Blast Furnace
33:49 Gold Shaft Mining
33:51 Stone Shaft Mining
34:18 Two-Man Saw
35:22 Chemistry
34:42 Ballistics
38:15 Fletching
38:51 Caravan
39:24 Coinage
39:57 Conscription
41:43 Man-at-Arms
42:10 Long Swordsman
42:47 Two-Handed Swordsman
43:26 Champion
44:55 Masonry
44:41 Murder Holes
Baladin
11:13 Feudal Age
12:52 Loom
13:17 Loom
16:08 Castle Age
14:27 Horse Collar
17:56 Wheelbarrow
28:16 Imperial Age
26:54 Forging
26:49 Scale Barding Armor
26:49 Manipur Cavalry
27:04 Heavy Plow
27:52 Bloodlines
27:42 Husbandry
28:14 Hand Cart
28:20 Caravan
30:27 Crop Rotation
31:01 Chain Barding Armor
31:16 Iron Casting
31:36 Light Cavalry
35:33 Elite Battle Elephant
36:38 Hussar
38:10 Elite Battle Elephant
40:44 Blast Furnace
43:01 Plate Barding Armor
43:41 Howdah
Hamstring Cramp
11:38 Feudal Age
12:50 Double-Bit Axe
12:50 Horse Collar
14:20 Wheelbarrow
16:22 Castle Age
17:34 Hand Cart
17:14 Gold Mining
22:37 Stone Mining
24:59 Loom
24:59 Town Watch
26:26 Stone Shaft Mining
27:08 Scale Barding Armor
27:13 Forging
29:41 Imperial Age
28:02 Chatras
28:29 Chain Barding Armor
28:24 Bloodlines
28:32 Husbandry
29:56 Iron Casting
KRYPTAERNN
11:53 Feudal Age
15:49 Castle Age
13:44 Double-Bit Axe
13:54 Horse Collar
18:35 Loom
20:06 Bow Saw
29:13 Imperial Age
27:07 Bloodlines
26:58 Husbandry
27:08 Scale Barding Armor
27:14 Forging
27:18 Heavy Plow
28:01 Wheelbarrow
27:26 Light Cavalry
28:15 Gold Mining
28:52 Chain Barding Armor
29:51 Iron Casting
28:39 Pikeman
29:39 Hand Cart
29:29 Cavalier
29:30 Winged Hussar
31:19 Crop Rotation
32:22 Man-at-Arms
33:09 Scale Mail Armor
34:09 Blast Furnace
33:15 Squires
33:31 Long Swordsman
34:28 Szlachta Privileges
34:44 Conscription
34:12 Two-Handed Swordsman
35:17 Chain Mail Armor
35:31 Champion
37:03 Plate Mail Armor
Moa
10:27 Feudal Age
14:30 Castle Age
12:44 Horse Collar
12:50 Horse Collar
14:29 Double-Bit Axe
15:26 Bow Saw
18:10 Heavy Plow
19:16 Stone Mining
21:34 Gold Mining
23:00 Gold Shaft Mining
22:55 Fletching
24:40 Bodkin Arrow
26:17 Wheelbarrow
25:45 Loom
26:56 Town Watch
30:02 Imperial Age
27:47 Hand Cart
27:48 Padded Archer Armor
28:11 Ballistics
28:14 Fortified Wall
27:51 Pikeman
28:31 Squires
29:49 Scale Mail Armor
30:00 Forging
30:05 Leather Archer Armor
30:05 Halberdier
30:51 Bracer
31:06 Chain Mail Armor
32:34 Two-Man Saw
32:31 Iron Casting
32:57 Chemistry
32:40 Conscription
33:06 Elite Longbowman
34:06 Yeomen
34:21 Hoardings
34:23 Plate Mail Armor
34:23 Ring Archer Armor
34:52 Arson
36:38 Capped Ram
38:31 Crossbowman
38:32 Elite Skirmisher
38:57 Man-at-Arms
39:22 Gambesons
40:40 Blast Furnace
39:11 Arbalester
39:11 Imperial Skirmisher
39:40 Long Swordsman
40:35 Two-Handed Swordsman
41:15 Murder Holes
41:29 Champion
SimbadMarino
11:01 Feudal Age
14:41 Castle Age
12:49 Horse Collar
13:50 Double-Bit Axe
15:39 Bow Saw
21:34 Wheelbarrow
25:43 Imperial Age
23:46 Scale Barding Armor
24:31 Gold Mining
24:31 Stone Mining
25:12 Hand Cart
26:09 Husbandry
26:19 Bloodlines
27:00 Chain Barding Armor
26:51 Forging
26:05 Cavalier
28:40 Plate Barding Armor
28:16 Loom
30:06 Iron Casting
32:59 Farimba
33:38 Conscription
35:59 Fletching
36:05 Murder Holes
37:11 Chemistry
36:31 Light Cavalry
37:47 Tigui
37:46 Bodkin Arrow
41:40 Heavy Plow
42:25 Squires
43:00 Pikeman
43:39 Man-at-Arms
44:43 Scale Mail Armor
46:02 Gold Shaft Mining
46:02 Stone Shaft Mining
44:59 Long Swordsman
46:57 Two-Handed Swordsman
47:36 Champion
50:31 Chain Mail Armor
Connection lost

Rejoining the realm…

Still unreachable

The connection could not be restored.

Session expired

The server has moved on; the page needs a fresh start.